 Dungeon Crawl Stone Soup version 0.19.5 (webtiles) character file.

428 McKennaii the Slasher (level 6, -10/53 HPs)
             Began as a Draconian Berserker on Apr 29, 2017.
             Was a Priest of Trog.
             Mangled by an ogre
             ... wielding a +0 giant club
              (18 damage)
             ... on level 4 of the Dungeon.
             The game lasted 00:05:24 (2922 turns).

McKennaii the Slasher (Draconian Berserker)         Turns: 2922, Time: 00:05:24

Health: -10/53     AC:  7    Str: 20    XL:     6   Next: 65%
Magic:  15/15      EV: 14    Int:  7    God:    Trog [***...]
Gold:   126        SH:  0    Dex: 12    Spells: 0 memorised, 5 levels left

rFire  . . .     SeeInvis .     a - +0 falchion
rCold  . . .     Gourm    .     (armour unavailable)
rNeg   + . .     Faith    .     (no shield)
rPois  .         Spirit   .     (helmet restricted)
rElec  .         Reflect  .     (no cloak)
rCorr  .         Harm     .     d - +0 pair of gloves
MR     .....                    (no boots)
Stlth  ++........               (no amulet)
                                f - ring of magical power
                                c - ring of positive energy

@: no status effects
A: unfitting armour, cold-blooded, AC +6
a: Berserk, Trog's Hand, Burn Spellbooks, Renounce Religion


You were on level 4 of the Dungeon.
You worshipped Trog.
Trog was most pleased with you.
You were not hungry.

You visited 1 branch of the dungeon, and saw 4 of its levels.

You collected 126 gold pieces.

Inventory:

Hand Weapons
 a - a +0 falchion (weapon)
Armour
 d - a +0 pair of gloves (worn)
Jewellery
 c - a ring of positive energy (left hand)
 e - a cursed ring of teleportation {unknown}
 f - a ring of magical power (right hand)
Scrolls
 g - a scroll of amnesia {unknown}
 i - 2 scrolls of identify {unknown}
 l - a scroll of recharging {unknown}
Potions
 h - 2 potions of magic {unknown}
 m - a potion of lignification {unknown}
 n - a potion of heal wounds {unknown}
 o - a potion of beneficial mutation {unknown}
 p - a potion of experience {unknown}
Comestibles
 b - 2 bread rations
 j - 2 meat rations
 k - a beef jerky
 q - 4 chunks of flesh


   Skills:
 + Level 4.7 Fighting
 + Level 5.4 Long Blades
 + Level 4.2 Dodging
 + Level 1.9 Stealth


You had 5 spell levels left.
You didn't know any spells.

Dungeon Overview and Level Annotations

Branches:
Dungeon (4/15)
 Temple: D:4-7

Altars:
Elyvilon
Hepliaklqana
Okawaru
Trog
Vehumet


Innate Abilities, Weirdness & Mutations

Your plain brown scales are hard. (AC +6)
You cannot fit into any form of body armour.
You are cold-blooded and may be slowed by cold attacks.


Message History

You slash the adder!
You kill the adder!
Trog accepts your kill.
An ogre comes into view. It is wielding a giant club.
You see here 12 gold pieces.
An ogre is nearby!
You now have 126 gold pieces (gained 12).
The ogre shouts!
The ogre hits you with a giant club!!
Ouch! That really hurt!
You hit the ogre. You tail-slap the ogre.
The ogre is moderately wounded.
You barely miss the ogre.
The ogre is moderately wounded.
The ogre hits you with a giant club!!
* * * LOW HITPOINT WARNING * * *
You slash the ogre!
The ogre is heavily wounded.
The ogre hits you with a giant club!!
You die...

#########.#
#.# #.# #.#
#.# #.# #.#
#.# #.# #.#
#.# #.. ###
#.#
.....####.#
#..O@..#
....#.#####
. #


You could see an ogre.

Vanquished Creatures
  Sigmund (D:2)
  Terence (D:2)
  3 adders
  14 gnolls
  An ooze (D:3)
  A worm (D:3)
  A dart slug (D:1)
  4 leopard geckos
  2 orcs (D:2)
  13 bats
  2 giant cockroaches
  9 goblins
  10 hobgoblins
  5 kobolds
  A quokka (D:2)
  A ball python (D:1)
  5 frilled lizards
  8 rats
82 creatures vanquished.

Notes
Turn   | Place    | Note
-------+----------+-------------------------------------------
     0 | D:1      | McKennaii the Draconian Berserker began the quest for the Orb.
     0 | D:1      | Reached XP level 1. HP: 19/19 MP: 1/1
    80 | D:1      | Reached XP level 2. HP: 10/26 MP: 2/2
   429 | D:1      | Reached XP level 3. HP: 30/33 MP: 3/3
   676 | D:2      | Reached ** piety under Trog
   710 | D:2      | Noticed Sigmund
   724 | D:2      | Killed Sigmund
   724 | D:2      | Reached skill level 4 in Long Blades
   724 | D:2      | Reached skill level 1 in Stealth
   724 | D:2      | Reached XP level 4. HP: 5/40 MP: 4/4
   724 | D:2      | Reached XP level 5. HP: 6/46 MP: 5/5
  1105 | D:2      | Found an iron altar of Okawaru.
  1663 | D:3      | Found a bloodstained altar of Trog.
  1744 | D:3      | Noticed Terence
  1753 | D:2      | Reached XP level 6. HP: 53/53 MP: 6/6
  1768 | D:2      | Killed Terence
  1768 | D:2      | Reached skill level 5 in Long Blades
  2241 | D:3      | Found a hazy altar of Hepliaklqana.
  2453 | D:3      | Found a white marble altar of Elyvilon.
  2586 | D:3      | Found a radiant altar of Vehumet.
  2849 | D:3      | Reached *** piety under Trog
  2922 | D:4      | Mangled by an ogre

Skill      XL: |  1  2  3  4  5  6 |
---------------+-------------------+-----
Dodging        | 3 4 |  4.2
Fighting       | 4 |  4.7
Long Blades    | 4 5 |  5.4
Stealth        | 1 |  1.9

Action                   |  1- 3 |  4- 6 || total
-------------------------+-------+-------++-------
Melee: Falchion          |    81 |   151 ||   232
       Tailslap          |     5 |    30 ||    35
Invok: Berserk           |     1 |     2 ||     3
  Use: Scroll            |       |     1 ||     1
 Stab: Sleeping          |     1 |     3 ||     4
       Distracted        |       |     1 ||     1
  Eat: Chunk             |       |    10 ||    10
Armor: Skin              |    27 |    45 ||    72
Dodge: Dodged            |    63 |   118 ||   181
       Rpst.: Falchion   |    16 |    33 ||    49
